 Dungeon Crawl Stone Soup version 0.20-a0-940-g1ecfa5a (console) character file.

16213 pagos the Stickfighter (level 12, -13/72 HPs)
             Began as a Gargoyle Gladiator on Mar 31, 2017.
             Was a High Priest of Trog.
             Mangled by a four-headed hydra (16 damage)
             ... on level 1 of the Lair of Beasts.
             The game lasted 00:31:25 (10367 turns).

pagos the Stickfighter (Gargoyle Gladiator)        Turns: 10367, Time: 00:31:26

Health: -13/72     AC: 28    Str: 24    XL:     12   Next: 35%
Magic:  12/12      EV:  9    Int:  8    God:    Trog [*****.]
Gold:   561        SH:  0    Dex: 11    Spells: 11/11 levels left

rFire    . . .     SeeInvis +   y - +4 quarterstaff (chaos)
rCold    + . .     Gourm    .   (shield currently unavailable)
rNeg     + . .     Faith    +   J - +0 plate armour
rPois    ∞         Spirit   .   c - +0 helmet
rElec    +         Reflect  .   O - +1 cloak {rPois}
rCorr    .         Harm     .   o - +2 pair of gloves
MR       .....                  (no boots)
Stlth    ..........             B - amulet of faith
Regen    0.3/turn               I - ring of see invisible
MPRegen  0.2/turn               D - ring of protection from cold

@: no status effects
A: thin skeletal structure 1, clumsy 1, negative energy resistance 1,
electricity resistance, unbreathing, petrification resistance, rot immunity, AC
+8
a: Berserk, Trog's Hand, Brothers in Arms, Burn Spellbooks, Renounce Religion


You were on level 1 of the Lair of Beasts.
You worshipped Trog.
Trog was extremely pleased with you.
You were not hungry.

You visited 2 branches of the dungeon, and saw 12 of its levels.
You also visited: Sewer.

You collected 673 gold pieces.
You spent 112 gold pieces at shops.

Inventory:

Hand Weapons
 y - a +4 quarterstaff of chaos (weapon)
Missiles
 d - 4 throwing nets
 q - 8 javelins of penetration
 x - 6 javelins of returning (quivered)
Armour
 c - a +0 helmet (worn)
 o - a +2 pair of gloves (worn)
 J - a +0 plate armour (worn)
 O - a +1 cloak of poison resistance (worn)
Jewellery
 B - an amulet of faith (around neck)
 D - a ring of protection from cold (right hand)
 I - a ring of see invisible (left hand)
Wands
 m - a wand of iceblast (9/15)
 H - a wand of lightning (2/15)
 M - a wand of flame (17/48)
 N - a wand of acid (10/15)
Scrolls
 a - 6 scrolls of teleportation
 i - 3 scrolls of remove curse
 k - 7 scrolls of identify
 v - 4 scrolls of blinking
 E - a scroll of brand weapon {unknown}
 F - a scroll of enchant weapon {unknown}
 K - 2 scrolls of magic mapping {unknown}
 P - a scroll of fear {unknown}
Potions
 b - 2 potions of might
 e - 6 potions of curing
 g - 6 potions of haste
 h - 8 potions of invisibility {unknown}
 j - 5 potions of heal wounds
 p - 2 potions of cancellation {unknown}
 r - 2 potions of brilliance {unknown}
 s - 3 potions of magic {unknown}
 z - 2 potions of degeneration
 A - 3 potions of agility
 C - 4 potions of lignification
Books
 n - a book of Misfortune

   Spells                             Type                      Level
   a - Confusing Touch                Hexes                        1
   b - Confuse                        Hexes                        3
   c - Gell's Gravitas                Translocation                3
   d - Petrify                        Transmutation/Earth          4
   e - Metabolic Englaciation         Hexes/Ice                    5
   f - Yara's Violent Unravelling     Hexes/Transmutation          5
   Trog disapproves of the use of such an item.
 u - a book of Cantrips

   Spells                             Type                      Level
   a - Confusing Touch                Hexes                        1
   b - Animate Skeleton               Necromancy                   1
   c - Summon Small Mammal            Summoning                    1
   d - Apportation                    Translocation                1
   Trog disapproves of the use of such an item.
 G - a book of Cantrips

   Spells                             Type                      Level
   a - Confusing Touch                Hexes                        1
   b - Animate Skeleton               Necromancy                   1
   c - Summon Small Mammal            Summoning                    1
   d - Apportation                    Translocation                1
   Trog disapproves of the use of such an item.
 L - a book of Necromancy

   Spells                             Type                      Level
   a - Pain                           Necromancy                   1
   b - Animate Skeleton               Necromancy                   1
   c - Vampiric Draining              Necromancy                   3
   d - Regeneration                   Charms/Necromancy            3
   e - Animate Dead                   Necromancy                   4
   f - Control Undead                 Necromancy                   4
   Trog disapproves of the use of such an item.
Comestibles
 f - 6 bread rations
 l - 8 meat rations
 t - 5 royal jellies
 w - 10 fruits


   Skills:
 + Level 7.3 Fighting
 - Level 15.6 Staves
 + Level 2.8 Throwing
 + Level 7.1 Armour
 + Level 5.9 Dodging


You had 11 spell levels left.
You didn't know any spells.

Dungeon Overview and Level Annotations

Branches:
Dungeon (11/15)            Temple (0/1) D:6            Lair (1/6) D:11
    Orc (0/2) D:10

Altars:
Ashenzari
Dithmenos
Elyvilon
Fedhas
Hepliaklqana
Makhleb
Nemelex Xobeh
Qazlal
Sif Muna
Trog
Wu Jian
Xom
Yredelemnul
Zin

Shops:
D:5 =*[   D:9 }   D:10 (

Portals:
Trove: D:10 (give 5 scrolls of blinking)


Innate Abilities, Weirdness & Mutations

You are resistant to torment.
Your stone body is resilient. (AC +8)
You are immune to poison.
You resist negative energy. (rN+)
You are resistant to electric shocks. (rElec)
You can survive without breathing.
You are immune to petrification.
You are immune to rotting.
You have a somewhat thin skeletal structure. (Dex +2, Stealth)
You are clumsy. (Dex -2)


Message History

Unknown command.
You bludgeon the four-headed hydra!!
The four-headed hydra seems to speed up.
The four-headed hydra is almost dead.
The four-headed hydra bites you but does no damage.
The four-headed hydra completely misses you.
The four-headed hydra closely misses you.
The four-headed hydra bites you!
* * * LOW HITPOINT WARNING * * *
You barely miss the four-headed hydra.
The four-headed hydra is almost dead.
The four-headed hydra bites you!
* * * LOW HITPOINT WARNING * * *
The four-headed hydra bites you but does no damage. x3
Unknown command.
You hit the four-headed hydra. You drain the four-headed hydra!
The four-headed hydra is almost dead.
The four-headed hydra bites you but does no damage. x3
The four-headed hydra bites you!
You die...

##### #.....#P.
..P.##########.........#
...........##<.........#
......................#
......................##
........................
##≈♣♣...................
#≈P≈≈...................
♣P≈≈....................
♣≈≈P≈...........@.......
P≈≈≈............D.......
#♣♣≈P..........#........
#≈♣♣...%...............
..........#.............
.....##...#.............
..... ##......#.........
.P... #.........?......
##.....................#
##..#.................#


You could see a four-headed hydra (berserk).

Vanquished Creatures
  A hydra (D:11)
  5 two-headed ogres
  A queen ant (D:8)
  An ugly thing (D:11)
  A kobold demonologist (D:9)
  A troll (D:11)
  6 hippogriffs
  Sigmund (D:5)
  The ghost of incorrectman the Cudgeler, an amateur MiCK of Xom (D:4)
  Eustachio (D:6)
  5 yaks (D:11)
  A wyvern (D:11)
  A hungry ghost (D:8)
  6 soldier ants (D:8)
  Duvessa (D:5)
  A water moccasin (Lair:1)
  6 orc warriors
  3 porcupines (D:11)
  A black bear (D:11)
  7 ice beasts
  7 ogres
  A necrophage (D:8)
  4 phantoms
  6 centaurs
  2 crocodiles
  12 big kobolds
  A gnoll sergeant (D:11)
  8 bullfrogs
  Dowan (D:5)
  10 killer bees
  2 scorpions
  3 wights (D:6)
  7 howler monkeys
  4 crimson imps
  A bullfrog zombie (D:11)
  2 jellies (D:9)
  A quasit (D:6)
  4 orc priests
  Crazy Yiuf (D:3)
  A centaur skeleton (D:5)
  4 hounds
  2 bullfrog skeletons (D:5)
  6 orc wizards
  Ijyb (D:3)
  24 worker ants
  Terence (D:2)
  A killer bee zombie (D:9)
  A hound zombie (D:10)
  2 hound skeletons (D:8)
  Robin (D:3)
  2 howler monkey zombies
  13 gnolls
  10 adders
  3 shadow imps
  2 oozes
  An adder zombie (D:9)
  6 worms
  6 dart slugs
  11 leopard geckos
  39 orcs
  10 bats
  12 giant cockroaches
  10 goblins
  7 hobgoblins
  2 jackals (D:4)
  20 kobolds
  4 quokkas
  6 ball pythons
  9 frilled lizards
  A quokka skeleton (D:6)
  11 rats
357 creatures vanquished.

Vanquished Creatures (collateral kills)
  A crocodile (D:8)
1 creature vanquished.

Vanquished Creatures (others)
  An orc (D:4)
  A quokka (D:7)
  27 fungi (D:11)
  5 plants (D:11)
34 creatures vanquished.

Grand Total: 392 creatures vanquished

Notes
Turn   | Place    | Note
-------+----------+-------------------------------------------
     0 | D:1      | pagos the Gargoyle Gladiator began the quest for the Orb.
     0 | D:1      | Reached XP level 1. HP: 12/12 MP: 1/1
   184 | D:1      | Reached XP level 2. HP: 13/17 MP: 2/2
   234 | D:1      | Reached skill level 4 in Staves
   367 | D:1      | Reached XP level 3. HP: 21/21 MP: 3/3
   700 | D:2      | Found a deep blue altar of Sif Muna.
   753 | D:2      | Found an ornate altar of the Wu Jian Council.
   893 | D:2      | Found a burning altar of Makhleb.
   895 | D:2      | Found a glowing silver altar of Zin.
   895 | D:2      | Noticed a blizzard demon
   895 | D:2      | Noticed an angel
   986 | D:2      | Found a shattered altar of Ashenzari.
  1053 | D:2      | Reached XP level 4. HP: 6/26 MP: 4/4
  1129 | D:2      | HP: 1/26 [dart slug (1)]
  1512 | D:2      | Noticed Terence
  1536 | D:2      | Killed Terence
  1536 | D:2      | Reached skill level 5 in Staves
  1563 | D:2      | Found a shimmering altar of Xom.
  1695 | D:3      | Reached XP level 5. HP: 17/30 MP: 5/5
  1714 | D:3      | Reached skill level 6 in Staves
  1879 | D:3      | Found a glowing drain.
  1891 | Sewer    | Entered a sewer
  2083 | Sewer    | Reached XP level 6. HP: 19/35 MP: 6/6
  2147 | Sewer    | Reached skill level 7 in Staves
  2484 | D:3      | Found a runed door.
  2528 | D:3      | Found a shadowy altar of Dithmenos.
  2710 | D:3      | Noticed Robin
  2716 | D:3      | Noticed Ijyb
  2728 | D:3      | Killed Ijyb
  2733 | D:3      | Killed Robin
  2746 | D:3      | Reached XP level 7. HP: 8/40 MP: 7/7
  3302 | D:3      | Noticed Crazy Yiuf
  3312 | D:3      | Killed Crazy Yiuf
  3448 | D:4      | Found a stormy altar of Qazlal.
  3639 | D:4      | Noticed incorrectman's ghost (amateur MiCK)
  3643 | D:4      | Found a basalt altar of Yredelemnul.
  3650 | D:4      | Killed incorrectman's ghost
  3650 | D:4      | Reached skill level 8 in Staves
  3843 | D:4      | Found a blossoming altar of Fedhas.
  4201 | D:4      | Noticed a moth of wrath
  4204 | D:4      | Found a bloodstained altar of Trog.
  4221 | D:4      | Became a worshipper of Trog the Wrathful
  4434 | D:5      | Entered Level 5 of the Dungeon
  4434 | D:5      | Found Ithis's Antique Armour Shop.
  4434 | D:5      | Noticed Duvessa
  4435 | D:5      | Noticed Dowan
  4443 | D:5      | Killed Duvessa
  4443 | D:5      | Reached skill level 9 in Staves
  4450 | D:5      | Killed Dowan
  4450 | D:5      | Reached XP level 8. HP: 36/44 MP: 8/8
  4478 | D:5      | Noticed Sigmund
  4488 | D:5      | Killed Sigmund
  4509 | D:5      | Reached skill level 10 in Staves
  4548 | D:5      | Found Iramitud's Jewellery Shoppe.
  4661 | D:5      | Found Aweoffae's Assorted Antiques.
  4854 | D:5      | Reached * piety under Trog
  5411 | D:5      | Reached skill level 11 in Staves
  5709 | D:6      | Reached XP level 9. HP: 45/48 MP: 9/9
  5936 | D:6      | Found a staircase to the Ecumenical Temple.
  6035 | D:6      | Reached skill level 12 in Staves
  6189 | D:6      | Noticed Eustachio
  6199 | D:6      | Killed Eustachio
  6513 | D:7      | Found a white marble altar of Elyvilon.
  6522 | D:7      | Reached skill level 13 in Staves
  6652 | D:7      | Reached ** piety under Trog
  7006 | D:7      | Reached XP level 10. HP: 37/53 MP: 10/10
  7011 | D:7      | Found a hazy altar of Hepliaklqana.
  7235 | D:8      | Reached skill level 14 in Staves
  7257 | D:8      | Found a sparkling altar of Nemelex Xobeh.
  7781 | D:8      | Reached *** piety under Trog
  7818 | D:8      | Noticed a queen ant
  7833 | D:8      | Killed a queen ant
  7833 | D:8      | Reached skill level 15 in Staves
  7863 | D:8      | Received a gift from Trog
  8043 | D:9      | Reached XP level 11. HP: 52/57 MP: 11/11
  8098 | D:9      | Reached skill level 1 in Armour
  8229 | D:9      | Found Puxed's Quality Used Wands.
  8230 | D:9      | Received a gift from Trog
  8233 | D:9      | Noticed a two-headed ogre
  8241 | D:9      | Killed a two-headed ogre
  8252 | D:9      | Bought a wand of acid (0/15) for 112 gold pieces
  8450 | D:9      | Noticed a two-headed ogre
  8460 | D:9      | Killed a two-headed ogre
  8520 | D:9      | Reached **** piety under Trog
  8605 | D:10     | Entered Level 10 of the Dungeon
  8680 | D:10     | Found a portal to a secret trove of treasure.
  8724 | D:10     | Noticed a two-headed ogre
  8734 | D:10     | Killed a two-headed ogre
  8734 | D:10     | Reached skill level 5 in Fighting
  8758 | D:10     | Noticed a two-headed ogre
  8765 | D:10     | Killed a two-headed ogre
  8765 | D:10     | Reached skill level 5 in Armour
  8780 | D:10     | Found a staircase to the Orcish Mines.
  8780 | D:10     | Found Osune's Weapon Emporium.
  9260 | D:11     | Noticed a purple ugly thing
  9277 | D:11     | Killed a purple ugly thing
  9277 | D:11     | Reached skill level 5 in Dodging
  9281 | D:11     | Gained mutation: You are clumsy. (Dex -2) [mutagenic meat]
  9282 | D:11     | Gained mutation: You have a somewhat thin skeletal structure. (Dex +2, Stealth) [mutagenic meat]
  9563 | D:11     | Noticed a seven-headed hydra
  9576 | D:11     | Killed a seven-headed hydra
  9576 | D:11     | Reached XP level 12. HP: 20/71 MP: 12/12
  9654 | D:11     | Received a gift from Trog
  9701 | D:11     | Found a staircase to the Lair.
  9878 | D:11     | Noticed a two-headed ogre
  9884 | D:11     | Killed a two-headed ogre
 10304 | Lair:1   | Entered Level 1 of the Lair of Beasts
 10339 | Lair:1   | Reached ***** piety under Trog
 10350 | Lair:1   | Noticed a four-headed hydra
 10366 | Lair:1   | HP: 3/72 [four-headed hydra (10)]
 10367 | Lair:1   | Mangled by a four-headed hydra

Vault maps used:
D:1:      kennysheep_arrival_seaside
D:2:      grunt_temple_overflow_order_and_chaos_2, old_standard_altar,
          evilmike_ruin_ashenzari, lemuel_crystal_altar, tgw_xom, first_bread,
          uniq_terence
D:3:      grunt_dithmenos_smoke_and_mirrors, portal_sewer_entry_b,
          minmay_liquid_box, uniq_iyjb, uniq_crazy_yiuf_cottage, uniq_robin
D:4:      kennysheep_spiral_hall, tgw_trog, nicolae_overflow_hidden_temple,
          lemuel_doored_altar, nicolae_overflow_crystal_walls,
          grunt_ministairs_14
D:5:      wad_river_or_something, serial_shops, nicolae_shop_window_shopping,
          shop_fountains, shop, uniq_duvessa, uniq_sigmund
D:6:      minmay_temple_entry_trees, uniq_eustachio
D:7:      elyvilon_altar_4, marbit_many_paths
D:8:      nemelex_xobeh_ov_fountains_minmay, grunt_ogre_cave, hex_tiny,
          zaba_antful_of_joy
D:9:      lemuel_upstairs_altar, special_room, nicolae_for_you_no_charge
D:10:     orc_david_3, nicolae_trove_entry_free_sample
D:11:     due_lair_maze_entry_diamond
Lair:1:   beast_lair_carwin_large_3, nicolae_volcano_entry_vermiform,
          serial_bayou_shore_b
Sewer:    sewer_frog_island_01

Skill      XL: |  1  2  3  4  5  6  7  8  9 10 11 12 |
---------------+-------------------------------------+-----
Staves         | 4 5 6 7 9 11 13 15 | 15.6
Armour         | 6 7 |  7.1
Fighting       | 6 7 |  7.3
Dodging        | 5 |  5.9
Throwing       | 2 |  2.8

Action                   |  1- 3 |  4- 6 |  7- 9 | 10-12 || total
-------------------------+-------+-------+-------+-------++-------
Melee: Quarterstaff      |    95 |   245 |   281 |   682 ||  1303
Invok: Berserk           |       |       |       |     1 ||     1
  Use: Scroll            |     3 |       |     7 |     7 ||    17
 Stab: Petrifying        |       |       |     2 |       ||     2
       Confused          |       |       |     1 |     5 ||     6
       Paralysed         |       |       |       |    11 ||    11
  Eat: Bread ration      |       |     1 |       |     1 ||     2
       Chunk             |       |     2 |    12 |    10 ||    24
       Fruit             |       |       |     1 |     2 ||     3
Armor: Leather armour    |    21 |       |       |       ||    21
       Ring mail         |    25 |    14 |    17 |    24 ||    80
       Scale mail        |       |   118 |   112 |       ||   230
       Plate armour      |       |       |       |   389 ||   389
Dodge: Dodged            |    59 |   152 |    83 |   226 ||   520
